 Dungeon Crawl Stone Soup version 0.21.1-1-g345015fe64 (webtiles) character file.

16504 Oravi the Martial Artist (level 12, -2/97 HPs)
             Began as a Merfolk Transmuter on Apr 27, 2018.
             Was a Priest of Qazlal.
             Shot with an arrow by a centaur (15 damage)
             ... led by a centaur warrior
             ... on level 13 of the Dungeon.
             The game lasted 01:00:34 (15114 turns).

Oravi the Martial Artist (Merfolk Transmuter)      Turns: 15114, Time: 01:00:35

Health: -2/97      AC: 14    Str: 10    XL:     12   Next: 38%
Magic:  9/17       EV: 16    Int: 18    God:    Qazlal [***...]
Gold:   278        SH:  4    Dex: 14    Spells: 6/18 levels left

rFire    x . .     SeeInvis .     - Unarmed
rCold    + + +     Gourm    +   (shield currently unavailable)
rNeg     . . .     Faith    .   (armour currently unavailable)
rPois    +         Spirit   .   (helmet currently unavailable)
rElec    .         Reflect  .   (cloak currently unavailable)
rCorr    .         Harm     .   (gloves currently unavailable)
MR       .....                  (boots currently unavailable)
Stlth    +.........             f - amulet of the gourmand
HPRegen  0.26/turn              y - ring of poison resistance
MPRegen  0.15/turn              L - ring of protection from cold

@: icy armour, about to teleport, ice-form, slow
A: large, (change form in water), (swift swim), (stealthy swim)
a: End Transformation, Upheaval, Elemental Force, Renounce Religion


You were on level 13 of the Dungeon.
You worshipped Qazlal.
Qazlal was most pleased with you.
You were completely stuffed.
You were a creature of crystalline ice.
You visited 2 branches of the dungeon, and saw 14 of its levels.
You also visited: Ossuary.

You collected 863 gold pieces.
You spent 585 gold pieces at shops.

Inventory:

Hand Weapons
 D - a +1 spear of freezing
Missiles
 a - 249 arrows
Armour
 b - a +1 robe (melded)
 r - a +2 pair of gloves (melded)
 B - a +0 helmet (melded)
 E - a +2 pair of gloves
 F - a +2 pair of boots (melded)
Magical Staves
 K - an uncursed staff of air (melded)
Jewellery
 f - an amulet of the gourmand (around neck)
 y - a ring of poison resistance (left front paw)
 C - an uncursed ring of see invisible
 J - an uncursed ring of flight
 L - a ring of protection from cold (right front paw)
Wands
 o - a wand of polymorph (5)
 s - a wand of flame (16)
 z - a wand of scattershot (2)
 P - a wand of paralysis (17)
Scrolls
 h - 3 scrolls of teleportation
 i - 8 scrolls of remove curse
 k - 3 scrolls of enchant weapon
 t - 2 scrolls of enchant armour
Potions
 e - a potion of cancellation
 g - 4 potions of curing
 l - 3 potions of agility
 m - 3 potions of lignification
 p - 3 potions of might
 q - a potion of magic {unknown}
 u - a potion of haste {unknown}
 v - a potion of flight {unknown}
 w - a potion of brilliance {unknown}
 x - 2 potions of berserk rage {unknown}
 H - a potion of ambrosia {unknown}
Books
 c - a book of Changes

   Spells                             Type                      Level
   a - Beastly Appendage              Transmutation                1
   b - Sticks to Snakes               Transmutation                2
   c - Spider Form                    Transmutation/Poison         3
   d - Ice Form                       Ice/Transmutation            4
   e - Blade Hands                    Transmutation                5
 n - a book of Cantrips

   Spells                             Type                      Level
   a - Confusing Touch                Hexes                        1
   b - Animate Skeleton               Necromancy                   1
   c - Summon Small Mammal            Summoning                    1
   d - Apportation                    Translocation                1
 A - a book of Flames

   Spells                             Type                      Level
   a - Flame Tongue                   Conjuration/Fire             1
   b - Throw Flame                    Conjuration/Fire             2
   c - Conjure Flame                  Conjuration/Fire             3
   d - Inner Flame                    Hexes/Fire                   3
   e - Sticky Flame                   Conjuration/Fire             4
   f - Fireball                       Conjuration/Fire             5
 G - a book of Frost

   Spells                             Type                      Level
   a - Freeze                         Ice                          1
   b - Throw Frost                    Conjuration/Ice              2
   c - Ozocubu's Armour               Charms/Ice                   3
   d - Throw Icicle                   Conjuration/Ice              4
   e - Summon Ice Beast               Ice/Summoning                4
 I - a book of Callings

   Spells                             Type                      Level
   a - Summon Small Mammal            Summoning                    1
   b - Call Imp                       Summoning                    2
   c - Call Canine Familiar           Summoning                    3
   d - Summon Guardian Golem          Hexes/Summoning              3
   e - Summon Lightning Spire         Summoning/Air                4
   f - Summon Ice Beast               Ice/Summoning                4
 O - a book of Minor Magic

   Spells                             Type                      Level
   a - Magic Dart                     Conjuration                  1
   b - Blink                          Translocation                2
   c - Call Imp                       Summoning                    2
   d - Slow                           Hexes                        2
   e - Conjure Flame                  Conjuration/Fire             3
   f - Mephitic Cloud                 Conjuration/Poison/Air       3
Comestibles
 d - 22 rations


   Skills:
 + Level 3.1 Fighting
 * Level 10.3 Dodging
 + Level 13.1 Unarmed Combat
 + Level 3.5 Spellcasting
 * Level 3.7 Charms
 * Level 12.1 Transmutations
 * Level 8.2 Ice Magic
 - Level 3.2 Poison Magic
 * Level 3.3 Invocations


You had 6 spell levels left.
You knew the following spells:

 Your Spells              Type           Power        Failure   Level  Hunger
b - Sticks to Snakes      Tmut           #####...     1%          2    ##.....
c - Spider Form           Tmut/Pois      ####......   1%          3    ###....
d - Ice Form              Ice/Tmut       #####...     2%          4    ####...
f - Ozocubu's Armour      Chrm/Ice       ###.....     3%          3    ###....


Dungeon Overview and Level Annotations

Branches:
Dungeon (13/15)            Temple (1/1) D:7            Lair (0/6) D:10
    Orc (0/2) D:11
 Vaults: D:13-14

Altars:
Ashenzari
Cheibriados
Dithmenos
Elyvilon
Fedhas
Gozag
Hepliaklqana
Kikubaaqudgha
Makhleb
Nemelex Xobeh
Okawaru
Qazlal
Ru
Sif Muna
Trog
Uskayaw
Vehumet
Wu Jian
Xom
Yredelemnul
Zin
The Shining One

Shops:
D:6 !   D:10 :   D:11 (   D:12 !

Portals:
Trove: D:10 (give horn of Geryon)

Annotations:
D:4 Dickchan's ghost, amateur DrTm


Message History

The arrow barely misses you.
The centaur warrior shoots an arrow.
The arrow hits you!
* * * LOW HITPOINT WARNING * * *
You are too injured to fight recklessly!
You feel better.
The centaur warrior shoots an arrow.
The arrow hits you!
* * * LOW HITPOINT WARNING * * *
The centaur shoots an arrow.
The arrow barely misses you.
The centaur warrior shoots an arrow.
The arrow hits you.
* * * LOW HITPOINT WARNING * * *
The centaur shoots an arrow.
The arrow hits you!
* * * LOW HITPOINT WARNING * * *
You see here 3 arrows.
The centaur warrior shoots an arrow.
The arrow barely misses you.
The centaur shoots an arrow.
The arrow hits you but does no damage.
The centaur warrior shoots an arrow.
You block the arrow.
You see here 2 arrows.
As you read the scroll of teleportation, it crumbles to dust.
You feel strangely unstable.
The centaur shoots an arrow.
The arrow hits you!
You die...

#.# #.# #.#
#.# #.# #(#
#.# #.# #Y#
#(### #...#
#(..# #c..# .
# ##.##
....#T######c#
#.ccc..((.c#
###c########


You could see a centaur warrior and 2 centaurs.

Vanquished Creatures
  A hydra (D:13)
  2 two-headed ogres
  5 ugly things
  A deep elf mage (D:10)
  2 cyclopes (D:11)
  A manticore (D:12)
  A centaur skeleton (D:12)
  A gargoyle (D:11)
  A kobold demonologist (D:9)
  3 trolls
  A merfolk (D:10)
  3 hippogriffs
  A vampire (D:9)
  Eustachio (D:4)
  13 yaks
  A human (D:10)
  2 hungry ghosts
  Edmund (D:4)
  3 orc warriors
  5 ice beasts
  A phantom (D:9)
  3 black bears
  2 eyes of draining (D:11)
  4 sky beasts
  5 ogres
  6 centaurs
  12 big kobolds
  A gnoll sergeant (D:7)
  5 bullfrogs
  A water moccasin skeleton (D:12)
  2 scorpions
  3 howler monkeys
  A bullfrog zombie (D:5)
  3 centaur zombies
  5 crimson imps
  4 hounds
  A gnoll shaman (D:9)
  8 orc wizards
  3 orc priests
  3 jellies
  Jessica (D:2)
  4 iguanas
  5 worker ants
  3 big kobold zombies (Ossuary)
  2 mummies (Ossuary)
  A hound skeleton (D:5)
  9 gnolls
  A howler monkey skeleton (D:4)
  14 adders
  2 shadow imps
  2 oozes
  2 worms
  3 dart slugs
  8 leopard geckos
  39 orcs
  5 giant cockroaches
  A gnoll zombie (Ossuary)
  4 goblins
  4 hobgoblins
  11 jackals
  4 quokkas
  15 bats
  5 frilled lizards
  13 kobolds
  A kobold zombie (Ossuary)
  5 leopard gecko skeletons
  A leopard gecko zombie (D:8)
  3 orc zombies (Ossuary)
  2 quokka skeletons
  7 rats
299 creatures vanquished.

Vanquished Creatures (collateral kills)
  A phantom (D:7)
1 creature vanquished.

Grand Total: 300 creatures vanquished

Notes
Turn   | Place    | Note
-------+----------+-------------------------------------------
     0 | D:1      | Oravi the Merfolk Transmuter began the quest for the Orb.
     0 | D:1      | Reached XP level 1. HP: 15/15 MP: 3/3
   163 | D:1      | Reached XP level 2. HP: 18/21 MP: 3/5
   887 | D:1      | Reached skill level 4 in Unarmed Combat
   887 | D:1      | Reached XP level 3. HP: 26/26 MP: 4/6
   891 | D:1      | Learned a level 2 spell: Sticks to Snakes
   895 | D:1      | Learned a level 3 spell: Spider Form
  1569 | D:2      | Noticed Jessica
  1599 | D:2      | Killed Jessica
  1599 | D:2      | Reached XP level 4. HP: 19/32 MP: 3/7
  1802 | D:2      | Reached skill level 1 in Poison Magic
  1944 | D:2      | Reached XP level 5. HP: 36/37 MP: 4/8
  2644 | D:3      | Reached skill level 5 in Transmutations
  2666 | D:3      | Reached XP level 6. HP: 30/43 MP: 4/9
  2674 | D:3      | Reached skill level 5 in Unarmed Combat
  3385 | D:4      | Found a bloodstained altar of Trog.
  3453 | D:4      | Noticed Edmund
  3473 | D:4      | Killed Edmund
  3630 | D:4      | Reached XP level 7. HP: 48/48 MP: 6/10
  3636 | D:4      | Learned a level 4 spell: Ice Form
  3639 | D:4      | Found a sand-covered staircase.
  3645 | Ossuary  | Entered an ossuary
  3708 | Ossuary  | Reached skill level 6 in Unarmed Combat
  4023 | D:4      | Noticed Dickchan's ghost (amateur DrTm)
  4212 | D:4      | Reached skill level 1 in Ice Magic
  4549 | D:4      | Noticed Eustachio
  4596 | D:4      | Killed Eustachio
  4596 | D:4      | Reached XP level 8. HP: 47/54 MP: 8/11
  4741 | D:5      | Entered Level 5 of the Dungeon
  4808 | D:5      | Reached skill level 7 in Unarmed Combat
  6333 | D:6      | Found Masyqy's Distillery.
  6341 | D:6      | Bought a potion of agility for 60 gold pieces
  6422 | D:7      | Reached skill level 8 in Unarmed Combat
  6895 | D:7      | Reached XP level 9. HP: 35/60 MP: 8/12
  7048 | D:7      | Reached skill level 5 in Dodging
  7062 | D:7      | Found a staircase to the Ecumenical Temple.
  7092 | Temple   | Entered the Ecumenical Temple
  7114 | Temple   | Became a worshipper of Qazlal Stormbringer
  7229 | D:7      | Reached skill level 9 in Unarmed Combat
  7782 | D:8      | Noticed a two-headed ogre
  7804 | D:8      | Killed a two-headed ogre
  8416 | D:9      | Reached skill level 5 in Ice Magic
  8594 | D:9      | Reached skill level 10 in Unarmed Combat
  9047 | D:9      | Reached XP level 10. HP: 60/67 MP: 9/13
  9089 | D:9      | Reached skill level 10 in Transmutations
  9100 | D:9      | Reached * piety under Qazlal
  9199 | D:9      | Noticed a kobold demonologist
  9204 | D:9      | Noticed a rust devil
  9211 | D:9      | Killed a kobold demonologist
  9647 | D:9      | Reached skill level 11 in Unarmed Combat
  9995 | D:9      | Reached ** piety under Qazlal
 10482 | D:10     | Entered Level 10 of the Dungeon
 10489 | D:10     | Noticed a deep elf mage
 10504 | D:10     | Killed a deep elf mage
 10504 | D:10     | Reached XP level 11. HP: 67/73 MP: 12/14
 10569 | D:10     | Found Taarrath's Book Emporium.
 10608 | D:10     | Noticed a two-headed ogre
 10617 | D:9      | Reached skill level 12 in Unarmed Combat
 10722 | D:10     | Killed a two-headed ogre
 10738 | D:10     | Bought a book of Frost for 525 gold pieces
 10745 | D:10     | Learned a level 3 spell: Ozocubu's Armour
 11191 | D:10     | Found a staircase to the Lair.
 11398 | D:10     | Found a portal to a secret trove of treasure.
 11671 | D:11     | Found a sparkling altar of Nemelex Xobeh.
 11701 | D:11     | Found Bosaodd's Weapon Emporium.
 11702 | D:11     | Reached skill level 1 in Charms
 11980 | D:11     | Reached *** piety under Qazlal
 12016 | D:11     | Noticed a brown ugly thing
 12016 | D:11     | Noticed a white ugly thing
 12045 | D:11     | Killed a white ugly thing
 12054 | D:11     | Killed a white ugly thing
 12054 | D:11     | Reached skill level 1 in Invocations
 12143 | D:11     | Noticed a cyclops
 12155 | D:11     | Killed a cyclops
 12243 | D:11     | Found a staircase to the Orcish Mines.
 12771 | D:12     | Noticed a cyclops
 12775 | D:12     | Noticed a cyan ugly thing
 13064 | D:11     | Killed a cyan ugly thing
 13264 | D:11     | Killed a cyclops
 13436 | D:12     | Found a blossoming altar of Fedhas.
 13442 | D:12     | Noticed a cyan ugly thing
 13803 | D:11     | Reached XP level 12. HP: 42/81 MP: 13/16
 14116 | D:12     | Reached skill level 10 in Dodging
 14615 | D:12     | Reached skill level 13 in Unarmed Combat
 14871 | D:12     | Found Rilehayw's Distillery.
 15028 | D:13     | Noticed a six-headed hydra
 15036 | D:13     | Killed a six-headed hydra
 15080 | D:13     | Noticed a centaur warrior
 15114 | D:13     | Shot with an arrow by a centaur

Skill      XL: |  1  2  3  4  5  6  7  8  9 10 11 12 |
---------------+-------------------------------------+-----
Transmutations | 3 4 5 6 8 9 10 11 12 | 12.1
Dodging        | 3 4 6 8 9 10 | 10.3
Unarmed Combat | 4 5 6 8 10 11 12 13 | 13.1
Poison Magic   | 1 2 3 |  3.2
Ice Magic      | 1 3 5 6 7 8 |  8.2
Fighting       | 2 3 |  3.1
Charms         | 3 |  3.7
Invocations    | 2 3 |  3.3
Spellcasting   | 3 |  3.5

Action                   |  1- 3 |  4- 6 |  7- 9 | 10-12 || total
-------------------------+-------+-------+-------+-------++-------
Melee: Unarmed           |   103 |   153 |   322 |   550 ||  1128
       Punch             |     2 |     1 |       |       ||     3
       Headbutt          |     2 |       |       |       ||     2
 Cast: Beastly Appendage |    18 |     1 |       |       ||    19
       Spider Form       |     8 |    24 |    49 |    45 ||   126
       Sticks to Snakes  |       |       |     6 |       ||     6
       Ice Form          |       |       |       |     9 ||     9
       Ozocubu's Armour  |       |       |       |    28 ||    28
 Abil: End Transformatio |       |       |       |     3 ||     3
  Use: Scroll            |     7 |     1 |     7 |     6 ||    21
       Potion            |       |       |       |     5 ||     5
 Stab: Sleeping          |     3 |     2 |     2 |       ||     7
       Distracted        |       |       |     3 |       ||     3
  Eat: Chunk             |     4 |    11 |    25 |    38 ||    78
       Ration            |       |       |     1 |       ||     1
Armor: Robe              |    27 |     9 |     7 |     3 ||    46
       Skin              |     2 |     9 |    14 |    21 ||    46
Dodge: Dodged            |   113 |   116 |   233 |   495 ||   957
Block: Other             |       |       |       |    50 ||    50
